Map: Mech Depot LE

Players

hirekui - Winner!

  • Race: Terran Terran
  • League: Master
  • Spawn Location: 1:00

RexRequired

  • Race: Terran Terran
  • League: Master
  • Spawn Location: 7:00

VOD

Have the link to the VOD?

Description

Time

  • Played on: Oct. 24, 2017, 7:26 a.m.
  • Length: 6:49
Show
View Real Time Build Order
Export as new Build Order

hirekui Terran - Winner!

Build Orders: Cyclone Opening 

Get SALT Encoding   

  12  0:01  SCV  
  13  0:13  SCV  
  14  0:17  Supply Depot  
  14  0:25  SCV  
  15  0:29  Refinery  
  15  0:39  SCV  
  16  0:45  Barracks  
  16  0:51  SCV  
  16  0:56  Refinery  
  17  1:03  SCV  
  18  1:15  SCV  
  19  1:31  Orbital Command  
  19  1:32  Reaper  
  20  1:37  Factory  
  20  1:54  Supply Depot  
  20  1:57  SCV  
  21  2:04  Barracks Reactor  
  21  2:11  SCV  
  22  2:29  Cyclone  
  25  2:30  Starport, SCV  
  25  2:34  Supply Depot  
  26  2:44  Marine x2  
  27  2:46  SCV  
  30  2:58  SCV  
  30  3:01  Marine x2  
  32  3:10  Medivac  
  32  3:11  Cyclone  
  37  3:20  Marine x2  
  37  3:24  Supply Depot  
  41  3:57  Factory Tech Lab  
  41  3:58  Starport Reactor  
  41  3:59  Marine x2, Medivac  
  41  4:00  SCV  
  44  4:03  Supply Depot, Command Center  
  44  4:19  Marine x2  
  46  4:25  Siege Tank, SCV  
  46  4:29  Medivac  
  46  4:31  Supply Depot  
  52  4:36  Marine  
  52  4:37  Marine  
  52  4:47  SCV  
  53  4:56  Marine x2  
  53  4:57  Siege Tank  
  53  4:59  SCV, Medivac  
  58  5:11  SCV  
  58  5:14  Marine x2  
  59  5:17  Orbital Command  
  61  5:23  SCV  
  62  5:31  Siege Tank  
  62  5:32  Marine x2  
  67  5:45  SCV  
  67  5:46  Viking, SCV  
  67  5:49  Marine  
  71  5:50  Marine  
  71  5:52  Supply Depot  
  73  5:58  SCV x2  
  73  6:02  Barracks  
  75  6:07  Siege Tank  
  75  6:10  Marine  
  78  6:12  Marine  
  78  6:13  SCV  
  74  6:28  Marine  
  74  6:29  Marine  
  73  6:34  SCV  
Show
View Real Time Build Order
Export as new Build Order

RexRequired Terran 

Build Orders: Reaper Expand 

Get SALT Encoding   

  12  0:00  SCV  
  13  0:12  SCV  
  14  0:17  Supply Depot  
  14  0:24  SCV  
  15  0:30  Refinery  
  15  0:38  SCV  
  16  0:44  Barracks  
  16  0:50  SCV  
  17  1:03  SCV  
  18  1:15  SCV  
  19  1:30  Orbital Command  
  19  1:31  Reaper  
  20  1:42  Command Center  
  20  1:52  Factory  
  20  1:56  SCV  
  21  2:02  Refinery  
  21  2:08  SCV  
  21  2:09  Barracks Reactor  
  21  2:15  Supply Depot  
  22  2:20  SCV  
  23  2:36  SCV  
  24  2:38  Starport  
  24  2:45  Factory Tech Lab  
  24  2:46  Marine x2  
  24  2:48  SCV  
  27  2:54  Orbital Command  
  27  3:00  SCV  
  27  3:04  Marine x2  
  30  3:12  SCV  
  30  3:19  Factory Tech Lab  
  31  3:22  Marine x2  
  31  3:23  Refinery, SCV  
  31  3:25  Raven, SCV  
  37  3:31  Supply Depot  
  37  3:35  SCV  
  37  3:37  SCV  
  37  3:39  Marine  
  39  3:47  SCV  
  40  3:49  SCV  
  40  3:52  Siege Tank, Supply Depot  
  44  3:58  Marine x2  
  44  3:59  SCV  
  44  4:01  SCV  
  48  4:05  Barracks  
  48  4:10  Viking  
  48  4:15  Marine x2, SCV  
  53  4:27  SCV  
  50  4:34  Supply Depot, Marine x2  
  50  4:36  Supply Depot  
  48  4:54  Orbital Command  
  48  4:56  Marine x2, SCV  
  49  5:08  Starport Reactor, SCV  
  49  5:09  Barracks x2  
  49  5:10  Barracks  
  49  5:13  Marine x2  
  52  5:20  SCV  
  53  5:21  Marine  
  53  5:22  Supply Depot  
  54  5:31  Marine  
  55  5:36  SCV x2  
  55  5:38  Siege Tank  
  55  5:40  Marine x2  
  62  5:50  SCV x2  
  62  5:52  Supply Depot  
  62  5:53  Marine  
  65  5:58  Marine x2  
  65  6:01  Supply Depot  
  65  6:02  SCV x2  
  69  6:09  Marine  
  70  6:13  Marine  
  70  6:14  SCV x2  
  70  6:15  Barracks Reactor  
  62  6:26  Marine x2, SCV  
  62  6:32  SCV  
Tags
 
Add a new tag
Caveats
  • Supply blocks, unpowered buildings, or Contaminate may cause inaccurate times.
  • Supply counts are checked every 10 seconds.